 Dungeon Crawl Stone Soup version 0.28.0-45-g0d030f2227 (webtiles) character file.

Game seed: 8820526550284730335

515 RascalDebosk the Skirmisher (level 7, 0/57 HPs)
             Began as a Palentonga Fighter on Apr 16, 2022.
             Slain by an acid dragon (5 damage)
             ... on level 4 of the Dungeon.
             The game lasted 00:21:04 (3343 turns).

RascalDebosk the Skirmisher (Palentonga Fighter)    Turns: 3343, Time: 00:21:04

Health: 0/57       AC:  7    Str: 21    XL:     7   Next: 0%
Magic:  7/7        EV:  5    Int: 14    God:
Gold:   147        SH:  4    Dex: 10    Spells: 6/6 levels left

rFire   . . .      SeeInvis +   a - +1 war axe
rCold   . . .      Faith    .   c - +0 buckler
rNeg    . . .      Spirit   .   z - +0 chain mail
rPois   .          Reflect  .   (no helmet)
rElec   .          Harm     .   (no cloak)
rCorr   .          Rampage  .   (no gloves)
Will    .....                   (no barding)
Stlth   ..........              (no amulet)
HPRegen 0.19/turn               f - +6 ring of intelligence
MPRegen 0.10/turn               (no ring)

@: mighty, corroded, curled up
A: large, rugged brown scales 3, see invisible, deformed body, roll 1, armoured
tail, reflexive curl
a: Rolling Charge


You were on level 4 of the Dungeon.
You visited 1 branch of the dungeon, and saw 4 of its levels.

You collected 147 gold pieces.

Inventory:

Hand Weapons
 a - a +1 war axe (weapon)
Missiles
 l - 10 poisoned darts
Armour
 c - a +0 buckler (worn)
 z - a +0 chain mail (worn)
Jewellery
 f - a +6 ring of intelligence (left hand)
Scrolls
 h - a scroll of teleportation
 j - a scroll of immolation
 s - 2 scrolls of enchant weapon
 u - a scroll of amnesia
 w - 2 scrolls of noise
Potions
 b - a potion of brilliance {unknown}
 e - a potion of heal wounds
 g - a potion of resistance {unknown}
 i - a potion of haste {unknown}
 k - a potion of invisibility {unknown}
 m - 2 potions of degeneration {unknown}
 n - a potion of mutation {unknown}
 o - 2 potions of curing {unknown}
 p - a potion of ambrosia {unknown}
 t - 2 potions of lignification {unknown}


   Skills:
 + Level 4.1 Fighting
 + Level 3.5 Axes
 + Level 1.8 Throwing
 + Level 3.5 Armour
 + Level 3.5 Shields
 + Level 2.4 Evocations


You had 6 spell levels left.
You didn't know any spells.
Your spell library was empty.

Dungeon Overview and Level Annotations

Branches:
Dungeon (4/15)
 Temple: D:4-7

Altars:
Yredelemnul


Innate Abilities, Weirdness & Mutations

You are completely covered in rugged brown scales. (AC +3, +7% HP)
You have supernaturally acute eyesight. (SInv)
Armour fits poorly on your strangely shaped body.
You can roll at nearby foes to attack.
You have a long armoured tail.
You curl defensively after being hit. (AC +7*)


Message History

As you read the scroll labelled SOEMI PEDUYM, it crumbles to dust.
You feel momentarily disoriented.
It was a scroll of magic mapping.
There is a stone staircase leading down here.
You climb downwards.
The phantom hits you.
There is a stone staircase leading up, spattered with blood here.
You barely miss the phantom. The phantom hits you.
You block the phantom's attack.
You slash the phantom!
The phantom is moderately damaged.
The phantom hits you.
You hit the phantom but do no damage. You tail-slap the phantom.
The phantom is heavily damaged.
You block the phantom's attack. The acid dragon spits acid at you.
The splash of acid hits you! The acid corrodes you!
You hear an angry hiss.
You completely miss the phantom.
The phantom is heavily damaged.
You block the phantom's attack. The phantom hits you.
The phantom blinks!
You blink.
A hobgoblin comes into view. It is quivering poisoned darts.
Found 2 potions of heal wounds.
You slash the phantom!
You destroy the phantom!
You have reached level 7!
You now curl defensively after being hit.
You feel very mighty all of a sudden. The hobgoblin hits you.
The acid dragon spits acid at you. The splash of acid hits you!
* * * LOW HITPOINT WARNING * * *
The acid corrodes you!
You barely miss the hobgoblin.
You tail-slap the hobgoblin, but do no damage.
The hobgoblin barely misses you.
You slash the hobgoblin!
You kill the hobgoblin!
You hit the acid dragon but do no damage.
The acid dragon bites you.
You die...

## ....... ......
.##
.......##........
..D
..##...#........#
...
#......<......#.#
..
##...#..........##
#.
##..#........_..#
..............#
.......D....#..#
..........@.......
.
#########.(.....##
. #.......# ..
#.#....... #.
...#... #. ...# !.
## .... . #....


You could see an acid dragon (catching breath).

Vanquished Creatures
  Sigmund (D:2)
  A phantom (D:4)
  A scorpion (D:3)
  A howler monkey (D:3)
  Jessica (D:2)
  Natasha (thrice) (D:2)
  3 adders
  2 dart slugs
  5 orcs
  3 ball pythons
  7 endoplasms
  3 giant cockroaches
  5 hobgoblins
  A quokka (D:1)
  7 bats
  4 frilled lizards
  3 goblins
  4 kobolds
  6 rats
61 creatures vanquished.

Vanquished Creatures (others)
  3 plants (D:2)
3 creatures vanquished.

Grand Total: 64 creatures vanquished

Notes
Turn   | Place    | Note
-------+----------+-------------------------------------------
     0 | D:1      | RascalDebosk the Palentonga Fighter began the quest for the
                  | Orb.
     0 | D:1      | Reached XP level 1. HP: 19/19 MP: 1/1
    82 | D:1      | Reached XP level 2. HP: 22/25 MP: 2/2
  1067 | D:2      | Noticed Jessica
  1070 | D:2      | Killed Jessica
  1071 | D:2      | Reached skill level 1 in Evocations
  1071 | D:2      | Reached XP level 3. HP: 16/31 MP: 3/3
  1491 | D:2      | Noticed Natasha
  1494 | D:2      | Killed Natasha
  1495 | D:2      | Reached XP level 4. HP: 37/37 MP: 4/4
  1693 | D:2      | Noticed Sigmund
  1714 | D:2      | Killed Sigmund
  1715 | D:2      | Reached skill level 1 in Throwing
  1715 | D:2      | Reached XP level 5. HP: 32/44 MP: 5/5
  1744 | D:2      | Noticed Natasha
  1748 | D:2      | Killed Natasha
  2035 | D:2      | Noticed Natasha
  2043 | D:2      | Killed Natasha
  2044 | D:2      | Reached XP level 6. HP: 51/51 MP: 6/6
  2569 | D:3      | Reached skill level 4 in Fighting
  2943 | D:4      | Noticed an acid dragon
  3052 | D:4      | Found a basalt altar of Yredelemnul.
  3341 | D:4      | Gained mutation: You curl defensively after being hit. (AC
                  | +7*) [Palentonga growth]
  3341 | D:4      | Reached XP level 7. HP: 21/57 MP: 7/7
  3343 | D:4      | Slain by an acid dragon

Illustrated notes

Levels and vault maps discovered:
D:1:      zelgadis_glass_arrival_large, layout_basic
D:2:      cheibrodos_old_hovel, layout_basic, roderic_lattice_a,
          minmay_statues_item, uniq_sigmund, uniq_natasha, uniq_jessica
D:3:      layout_loops_ring
D:4:      layout_cave_pools, old_standard_altar, nzn_wu_jian_contemplation,
          mainiacjoe_overflow_tiny_flanked, minmay_temple_entry_waves,
          minmay_surrounded

Skill      XL: |  1  2  3  4  5  6 |
---------------+-------------------+-----
Evocations     | 1 2 |  2.4
Axes           | 3 |  3.5
Throwing       | 1 |  1.8
Armour         | 3 |  3.5
Shields        | 3 |  3.5
Fighting       | 4 |  4.1

Action                   |  1- 3 |  4- 6 |  7- 9 || total
-------------------------+-------+-------+-------++-------
Melee: War axe           |    73 |   114 |     2 ||   189
       Tailslap          |     8 |    15 |     1 ||    24
 Abil: Rolling Charge    |     1 |    14 |       ||    15
  Use: Scroll            |       |    10 |       ||    10
       Potion            |       |     1 |     1 ||     2
Armor: Scale mail        |    32 |    46 |       ||    78
       Chain mail        |       |     8 |       ||     8
       Skin              |       |     2 |       ||     2
Dodge: Dodged            |    25 |    42 |     1 ||    68
Block: Buckler           |    22 |    22 |       ||    44
